 Dungeon Crawl Stone Soup version 0.29.1-2-gbd0b4ee654 (webtiles) character file.

Game seed: 15451862195433853897

19208 xian the Frost Mage (level 12, -2/79 HPs)
             Began as a Demonspawn Ice Elementalist on Nov 27, 2022.
             Was an Elder of Qazlal.
             Slain by a death yak (20 damage)
             ... on level 1 of the Lair of Beasts.
             The game lasted 00:44:07 (10139 turns).

xian the Frost Mage (Demonspawn Ice Elementalist)  Turns: 10139, Time: 00:44:08

Health: -2/79      AC: 21    Str: 10    XL:     12   Next: 34%
Magic:  1/25       EV: 13    Int: 23    God:    Qazlal [****..]
Gold:   755        SH:  9    Dex: 15    Spells: 15/29 levels left

rFire   . . .      SeeInvis .   I - +3 dagger (chaos)
rCold   . . .      Faith    .   x - orb {light}
rNeg    + . .      Spirit   .   a - +0 robe
rPois   .          Reflect  .   (no helmet)
rElec   .          Harm     .   D - +0 cloak
rCorr   .          Rampage  .   l - +0 pair of gloves
Will    .....                   (no boots)
Stlth   +.........              n - amulet of magic regeneration
HPRegen 0.23/turn               v - ring of positive energy
MPRegen 0.59/turn               A - ring of wizardry

@: ice-armoured, glowing, repel missiles
A: icemail 2, big brain 2, condensation shield, demonic magic 1, weakness
stinger 2
a: Renounce Religion, Upheaval, Elemental Force


You were on level 1 of the Lair of Beasts.
You worshipped Qazlal.
Qazlal was greatly pleased with you.
You visited 3 branches of the dungeon, and saw 12 of its levels.
You also visited: Sewer.

You collected 755 gold pieces.

Inventory:

Hand Weapons
 e - a +2 battleaxe of distortion
 r - a +3 sling
 I - a +3 dagger of chaos (weapon)
Missiles
 E - a throwing net
Armour
 a - a +0 robe (worn)
 f - a +0 buckler
 l - a +0 pair of gloves (worn)
 m - a +2 chain mail of fire resistance
 x - an orb of light (worn)
 D - a +0 cloak (worn)
Jewellery
 n - an amulet of magic regeneration (around neck)
 q - an amulet of the acrobat
 v - a ring of positive energy (left hand)
 A - a ring of wizardry (right hand)
 F - a ring of poison resistance
 G - a ring of magical power
Wands
 j - a wand of flame (52)
 t - a wand of charming (36)
 u - a wand of mindburst (30)
 J - a wand of digging (4)
Scrolls
 c - 4 scrolls of teleportation
 i - 2 scrolls of blinking
 o - 2 scrolls of magic mapping
 y - a scroll of enchant weapon
Potions
 b - a potion of magic
 d - 2 potions of might {unknown}
 g - 2 potions of resistance {unknown}
 h - 7 potions of curing {unknown}
 k - 2 potions of attraction {unknown}
 p - 3 potions of degeneration {unknown}
 s - a potion of heal wounds
 w - a potion of invisibility {unknown}
 z - a potion of brilliance {unknown}
 B - 2 potions of berserk rage
 C - 2 potions of cancellation {unknown}
 H - 3 potions of lignification
 K - a potion of flight {unknown}
Miscellaneous
 L - a phial of floods
 M - a box of beasts


   Skills:
 + Level 2.3 Fighting
 + Level 3.3 Short Blades
 + Level 1.0 Ranged Weapons
 + Level 4.1 Dodging
 + Level 9.1 Stealth
 * Level 7.3 Shields
 + Level 9.2 Spellcasting
 + Level 0.9 Conjurations
 + Level 10.0 Ice Magic
 * Level 6.1 Earth Magic


You had 15 spell levels left.
You knew the following spells:

 Your Spells              Type           Power      Damage    Failure   Level
a - Freeze                Ice            100%       1d11      1%          1
b - Frozen Ramparts       Ice            100%       1d16      1%          3
c - Ozocubu's Armour      Ice            54%        N/A       1%          3
d - Hailstorm             Conj/Ice       36%        3d9       2%          4
e - Stone Arrow           Conj/Erth      54%        3d10      1%          3

Your spell library contained the following spells:

 Spells                   Type           Power      Damage    Failure   Level
 Ensorcelled Hibernation  Hex/Ice        66%        N/A       1%          2
 Apportation              Tloc           20%        N/A       2%          1
 Necrotise                Necr           40%        1d6       2%          1
 Sting                    Tmut/Pois      40%        1d5       2%          1
 Summon Small Mammal      Summ           40%        N/A       2%          1
 Poisonous Vapours        Pois/Air       20%        N/A       4%          2
 Animate Armour           Summ/Erth      48%        N/A       7%          4
 Call Canine Familiar     Summ           10%        N/A       8%          3
 Gell's Gravitas          Tloc           10%        N/A       8%          3
 Spider Form              Tmut/Pois      10%        N/A       8%          3
 Summon Guardian Golem    Hex/Summ       10%        N/A       8%          3
 Teleport Other           Tloc           10%        N/A       8%          3
 Anguish                  Hex/Necr       5%         N/A       24%         4
 Animate Dead             Necr           10%        N/A       24%         4
 Olgreb's Toxic Radiance  Pois           10%        N/A       24%         4
 Dispersal                Tloc           5%         N/A       97%         6
 Haunt                    Necr/Summ      5%         N/A       100%        7
 Infestation              Necr           5%         N/A       100%        8
 Lehudib's Crystal Spear  Conj/Erth      13%        10d5      100%        8


Dungeon Overview and Level Annotations

Branches:
Dungeon (10/15)            Temple (1/1) D:4            Lair (1/5) D:9
    Orc (0/2) D:10          Sewer (visited)

Altars:
Ashenzari
Cheibriados
Dithmenos
Fedhas
Gozag
Hepliaklqana
Kikubaaqudgha
Nemelex Xobeh
Okawaru
Qazlal
Sif Muna
Trog
Uskayaw
Vehumet
Wu Jian

Portals:
Abyss: D:7

Annotations:
Lair:1 Harold


Innate Abilities, Weirdness & Mutations

A meltable icy envelope protects you from harm. (AC +8)
You have an extremely huge brain. (Int +4)
A meltable shield of frost defends you. (SH +4)
Spells you cast may paralyse adjacent enemies.
You have a tail ending in a sharp stinger.


Message History

You freeze the death yak.
The death yak is severely wounded.
Malevolent energies surge around you.
The wall freezes the death yak.
The death yak gores you but does no damage.
The wall freezes the yak!
You kill the yak!
Qazlal accepts your kill. You block the orange demon's attack.
Casting: Freeze (safe; 1% risk of failure)
Confirm with . or Enter, or press ? or * to list all spells.
Aiming: Freeze (safe; 1% risk of failure)
Press: ? - help, Shift-Dir - straight line, f/p - death yak
Aim: a death yak (severely wounded, haloed)
You freeze the death yak.
The death yak is severely wounded.
Malevolent energies surge around you.
You hear a croak.
The wall freezes the death yak!
The death yak gores you! You block the orange demon's attack.
Casting: Freeze (safe; 1% risk of failure)
Confirm with . or Enter, or press ? or * to list all spells.
Aiming: Freeze (safe; 1% risk of failure)
Press: ? - help, Shift-Dir - straight line, f/p - death yak
Aim: a death yak (almost dead, haloed)
You freeze the death yak.
The death yak is almost dead.
Malevolent energies surge around you.
You hear an angry hiss.
You hear a croak.
The wall freezes the death yak but does no damage.
The death yak gores you!
* * * LOW HITPOINT WARNING * * *
The orange demon stings you but does no damage.
Your icy armour and frozen ramparts will break if you move.
Continue?
Your icy armour cracks and falls away as you move.
The frozen ramparts melt away as you move.
Casting: Freeze (safe; 1% risk of failure)
Confirm with . or Enter, or press ? or * to list all spells.
A film of ice covers your body! Malevolent energies surge around you.
The death yak gores you!!
You die...

..................,,,,,,,,,,*,,,,
..................,,,,,,,,,**,,,,
....#.###.........,,,,,P,*,*****,
..................,,,,..**,* **
...........#......,,,...**,*****
...#.....###...###,,....**,,**,*
........###*#.## *,....#**,,,,**
..........###.####.....#**,,,,,*
...........##°.Y@☼......,,,,,,**
..............4##..#....,,,,,,**#
..............†..§.#*,,.,,,,,,,*#
..#.........#.#.....#,,,,,P,,,***
..####....###.#⌠.>.⌠#,,,,,(..,*
..#,*#.....*........#,,,,,....###
...,..........##.).##,,,,,..F.Y.F
..............#*...#,,,*,*,,*,,#†
#**#...$.6...##,....***,,,,**,,#l


You could see a death yak and an orange demon.

Vanquished Creatures
  A catoblepas (Lair:1)
  2 hydras (Lair:1)
  3 death yaks (Lair:1)
  A sixfirhy (D:7)
  Amaemon (Lair:1)
  The ghost of KittyFluff the Cruncher, a novice GrBe of Trog (D:7)
  A black mamba (Lair:1)
  A gargoyle (D:10)
  Psyche (D:8)
  2 cane toads (Lair:1)
  A large abomination (D:7)
  A komodo dragon (Lair:1)
  An ancient zyme (D:7)
  A troll (D:10)
  A hornet (D:10)
  6 blink frogs (Lair:1)
  A shadow (D:10)
  A wraith (D:9)
  2 vampires (D:10)
  A wyvern (D:7)
  24 yaks
  Grum (D:9)
  Menkaure (D:6)
  Duvessa (D:6)
  An ice beast (D:6)
  5 water moccasins
  5 orc warriors
  4 sky beasts (D:7)
  4 centaurs
  3 ogres (D:5)
  12 wolves
  A kobold brigand (D:6)
  4 bullfrogs (Lair:1)
  5 scorpions
  3 small abominations (D:7)
  13 wights (D:8)
  Dowan (D:6)
  14 killer bees (Lair:1)
  2 electric eels (D:9)
  5 howler monkeys (D:7)
  5 hounds
  3 orc priests
  7 iguanas
  2 orc wizards
  8 adders
  3 gnolls (D:5)
  A river rat (D:5)
  A shadow imp (D:6)
  3 ufetubi
  A worm (D:2)
  19 orcs
  7 endoplasms
  A giant cockroach (D:1)
  9 goblins
  8 hobgoblins
  3 jackals (D:2)
  10 kobolds
  2 quokkas
  4 ball pythons
  14 bats
  2 frilled lizards
  4 rats
256 creatures vanquished.

Vanquished Creatures (others)
  8 fungi (Lair:1)
  4 plants (Lair:1)
12 creatures vanquished.

Grand Total: 268 creatures vanquished

Notes
Turn   | Place    | Note
-------+----------+-------------------------------------------
     0 | D:1      | xian the Demonspawn Ice Elementalist began the quest for
                  | the Orb.
     0 | D:1      | Reached XP level 1. HP: 13/13 MP: 3/3
   271 | D:1      | Gained mutation: Spells you cast may paralyse adjacent
                  | enemies. [demonic ancestry]
   271 | D:1      | Reached XP level 2. HP: 19/19 MP: 1/5
   346 | D:1      | Reached skill level 4 in Ice Magic
   855 | D:2      | Reached XP level 3. HP: 24/24 MP: 4/6
  1006 | D:2      | Learned a level 3 spell: Frozen Ramparts
  1040 | D:2      | Found a broken altar of Ashenzari.
  1385 | D:2      | Found a faded altar of an unknown god.
  1779 | D:3      | Gained mutation: A meltable shield of frost defends you.
                  | (SH +4) [demonic ancestry]
  1779 | D:3      | Reached XP level 4. HP: 20/30 MP: 5/8
  1922 | D:3      | Learned a level 3 spell: Ozocubu's Armour
  2850 | D:4      | Gained mutation: You have an unusually large brain. (Int
                  | +2) [demonic ancestry]
  2850 | D:4      | Reached XP level 5. HP: 30/36 MP: 6/9
  3052 | D:4      | Found a staircase to the Ecumenical Temple.
  3058 | Temple   | Entered the Ecumenical Temple
  3180 | Temple   | Became a worshipper of Qazlal Stormbringer
  3494 | D:5      | Entered Level 5 of the Dungeon
  3554 | D:5      | Noticed an ogre
  3555 | D:5      | Found a glowing drain.
  3555 | D:5      | Noticed an ogre
  3564 | D:5      | Killed an ogre
  3565 | D:5      | Gained mutation: You have a small tail. [demonic ancestry]
  3565 | D:5      | Reached XP level 6. HP: 28/42 MP: 8/11
  3567 | D:5      | Reached skill level 1 in Fighting
  3567 | D:5      | Reached skill level 1 in Short Blades
  3570 | D:5      | HP: 1/43 [gnoll/+0 halberd (6)]
  3577 | D:5      | Reached skill level 5 in Ice Magic
  3833 | Sewer    | Entered a sewer
  3932 | Sewer    | Noticed a water moccasin
  3940 | Sewer    | Killed a water moccasin
  3941 | Sewer    | Gained mutation: A meltable icy envelope protects you from
                  | harm. (AC +8) [demonic ancestry]
  3941 | Sewer    | Reached XP level 7. HP: 48/48 MP: 6/13
  4031 | D:5      | Reached skill level 5 in Stealth
  4452 | D:5      | Found a hide-covered altar of Uskayaw.
  4550 | D:5      | Learned a level 4 spell: Hailstorm
  4617 | D:6      | Noticed Dowan
  4620 | D:6      | Noticed Duvessa
  4639 | D:6      | Killed Duvessa
  4640 | D:6      | Reached skill level 1 in Shields
  4640 | D:6      | Gained mutation: You have an extremely huge brain. (Int +4)
                  | [demonic ancestry]
  4640 | D:6      | Reached XP level 8. HP: 18/54 MP: 9/15
  4640 | D:6      | Killed Dowan
  4868 | D:6      | Reached * piety under Qazlal
  4894 | D:6      | Reached skill level 5 in Spellcasting
  4894 | D:6      | Reached skill level 6 in Ice Magic
  5058 | D:6      | Found a shimmering blue altar of Sif Muna.
  5108 | D:6      | Reached skill level 1 in Ranged Weapons
  5448 | D:6      | Noticed Menkaure
  5456 | D:6      | Killed Menkaure
  5599 | D:7      | Gained mutation: You have a tail ending in a sharp stinger.
                  | [demonic ancestry]
  5599 | D:7      | Reached XP level 9. HP: 54/59 MP: 9/17
  5791 | D:7      | Found a transporter.
  5938 | D:7      | Found a transporter.
  5947 | D:7      | Found a one-way gate to the infinite horrors of the Abyss.
  5947 | D:7      | Noticed KittyFluff's ghost (novice GrBe)
  5981 | D:7      | Found an iron altar of Okawaru.
  6056 | D:7      | Found a blossoming altar of Fedhas.
  6067 | D:7      | Reached ** piety under Qazlal
  6068 | D:7      | Reached skill level 1 in Earth Magic
  6084 | D:7      | Found a radiant altar of Vehumet.
  6260 | D:7      | Noticed a large abomination
  6268 | D:7      | Noticed a sixfirhy
  6284 | D:7      | Noticed an ancient zyme
  6372 | D:7      | Killed KittyFluff's ghost
  6373 | D:7      | Reached skill level 7 in Ice Magic
  6401 | D:7      | Killed a large abomination
  6402 | D:7      | Killed a sixfirhy
  6403 | D:7      | Reached XP level 10. HP: 12/66 MP: 8/20
  7432 | D:8      | Noticed Psyche
  7437 | D:8      | Killed Psyche
  7539 | D:8      | Reached skill level 5 in Shields
  7620 | D:8      | Found an ornate altar of the Wu Jian Council.
  7957 | D:9      | Learned a level 3 spell: Stone Arrow
  7994 | D:9      | Noticed Grum
  8007 | D:9      | Reached skill level 8 in Ice Magic
  8009 | D:9      | Killed Grum
  8273 | D:9      | Reached *** piety under Qazlal
  8278 | D:9      | Gained mutation: A meltable icy envelope protects you from
                  | harm. (AC +8) [demonic ancestry]
  8278 | D:9      | Reached XP level 11. HP: 25/72 MP: 12/22
  8573 | D:9      | Found a bloodstained altar of Trog.
  8573 | D:9      | Found a snail-covered altar of Cheibriados.
  8662 | D:9      | Found a staircase to the Lair.
  8718 | D:10     | Entered Level 10 of the Dungeon
  8802 | D:10     | Found a staircase to the Orcish Mines.
  9250 | D:10     | Reached skill level 9 in Ice Magic
  9611 | Lair:1   | Entered Level 1 of the Lair of Beasts
  9625 | Lair:1   | Noticed an eight-headed hydra
  9628 | Lair:1   | Noticed a death yak
  9629 | Lair:1   | Noticed a death yak
  9631 | Lair:1   | Noticed a death yak
  9631 | Lair:1   | Reached **** piety under Qazlal
  9631 | Lair:1   | Noticed a death yak
  9632 | Lair:1   | Reached skill level 5 in Earth Magic
  9659 | Lair:1   | Noticed an eight-headed hydra
  9661 | Lair:1   | Noticed a catoblepas
  9664 | Lair:1   | Noticed Harold
  9721 | Lair:1   | Noticed a four-headed hydra
  9731 | Lair:1   | Killed a four-headed hydra
  9911 | Lair:1   | Killed an eight-headed hydra
  9912 | Lair:1   | Reached XP level 12. HP: 68/78 MP: 14/24
  9997 | Lair:1   | Killed a catoblepas
 10105 | Lair:1   | Noticed Amaemon
 10118 | Lair:1   | Killed Amaemon
 10120 | Lair:1   | Killed a death yak
 10131 | Lair:1   | Killed a death yak
 10132 | Lair:1   | Reached skill level 10 in Ice Magic
 10132 | Lair:1   | Killed a death yak
 10139 | Lair:1   | Slain by a death yak

Illustrated notes

Levels and vault maps discovered:
D:1:      dpeg_arrival_rooms_a, layout_rooms, minmay_splitting_lines
D:2:      wad_lake_hut, layout_basic, shapermc_ecumenical_altar_mp_ritualfount,
          basic_altar, interstate_on_off, corner_web_ring
D:3:      layout_basic
D:4:      layout_basic, minmay_temple_entry_hall
D:5:      layout_rooms, nicolae_uskayaw_suspiria, cheibrodos_sewer_entry_sluice
D:6:      layout_cave_pools, led_sif_pool, uniq_duvessa, uniq_menkaure
D:7:      layout_loops_cross, fedhas_altar_1, okawaru_gym_becter,
          vehumet_altar_wand_db, gammafunk_ghost_abyssal_escape
D:8:      layout_basic, nicolae_elyvilon_temple_path, nzn_wu_jian_contemplation,
          lemuel_tele_altar, uniq_psyche
D:9:      layout_rooms, nicolae_overflow_squiral, lair_entry_dummy, uniq_grum
D:10:     layout_long_grid, david_orc_2
Temple:   minmay_temple_forest_path
Lair:1:   layout_gridlike, gammafunk_ghost_ooze, special_room
          [special_room_bee], grunt_megastairs_2, infiniplex_staircase_pool_2,
          lemuel_fruit_tree, uniq_harold, uniq_amaemon

Skill      XL: |  1  2  3  4  5  6  7  8  9 10 11 12 |
---------------+-------------------------------------+-----
Ice Magic      | 4 5 6 7 8 9 10 | 10.0
Stealth        | 2 4 5 6 7 8 9 |  9.1
Spellcasting   | 3 4 5 7 8 9 |  9.2
Dodging        | 2 3 4 |  4.1
Fighting       | 1 2 |  2.3
Short Blades   | 1 2 3 |  3.3
Shields        | 1 3 4 5 6 7 |  7.3
Ranged Weapons | 1 |  1.0
Earth Magic    | 2 4 5 6 |  6.1
Conjurations   | |  0.9

Action                   |  1- 3 |  4- 6 |  7- 9 | 10-12 || total
-------------------------+-------+-------+-------+-------++-------
Melee: Club              |     1 |       |       |       ||     1
       Unarmed           |     1 |       |       |       ||     1
       Dagger            |    21 |    25 |    57 |    95 ||   198
       Punch             |       |     1 |       |       ||     1
       Tailslap          |       |       |     5 |     6 ||    11
 Fire: Sling             |     1 |     9 |     5 |       ||    15
 Cast: Freeze            |    48 |    26 |    51 |    73 ||   198
       Frozen Ramparts   |       |     4 |    24 |    34 ||    62
       Ozocubu's Armour  |       |     1 |    26 |    36 ||    63
       Hailstorm         |       |       |       |     5 ||     5
       Stone Arrow       |       |       |       |     9 ||     9
Evoke: Wand              |       |       |       |     1 ||     1
  Use: Scroll            |       |     1 |     6 |     5 ||    12
       Potion            |       |       |       |     2 ||     2
 Stab: Paralysed         |    11 |    13 |    29 |    51 ||   104
       Sleeping          |     1 |     6 |     3 |       ||    10
Armor: Robe              |     3 |    10 |    19 |    67 ||    99
Dodge: Dodged            |    40 |    27 |    33 |    93 ||   193
Block: Other             |       |     6 |       |     1 ||     7
       Buckler           |       |     3 |    30 |    64 ||    97
       Orb               |       |       |       |    39 ||    39
